 Dungeon Crawl Stone Soup version 0.30.0-13-g156ef70053 (webtiles) character file.

Game seed: 10425715089453593440

4 monsoonserge the Vexing (level 1, 16/16 HPs)
             Began as a Meteoran Hexslinger on May 18, 2023.
             Quit the game on level 1 of the Dungeon.
             The game lasted 00:00:47 (139 turns).

monsoonserge the Vexing (Meteoran Hexslinger)        Turns: 139, Time: 00:00:47

Health: 16/16      AC:  2    Str: 11    XL:     1   Next: 85%
Magic:  3/3        EV: 12    Int: 14    God:
Gold:   13         SH:  0    Dex: 14    Spells: 1/2 levels left

rFire   . . .        a - +1 sling
rCold   . . .        (no shield)
rNeg    . . .        c - +0 robe
rPois   .            (no helmet)
rElec   .            (no cloak)
rCorr   .            (no gloves)
SInv    .            (no boots)
Will    .....        (no amulet)
Stlth   +            (no ring)
HPRegen 0.22/turn    (no ring)
MPRegen 0.08/turn

%: no passive effects
@: glowing
A: sense surroundings 1, otherworldly, glowing, explore regen
a: no special abilities


You were on level 1 of the Dungeon.
You visited 1 branch of the dungeon, and saw 1 of its levels.

You collected 13 gold pieces.

Inventory:

Hand Weapons
 a - a +1 sling (weapon)
Armour
 c - a +0 robe (worn)
Scrolls
 b - a scroll of poison
Potions
 d - a potion of heal wounds {unknown}


   Skills:
 + Level 1.1 Fighting
 + Level 2.1 Ranged Weapons
 + Level 2.6 Dodging
 + Level 1.3 Spellcasting
 + Level 3.9 Hexes


You had one spell level left.
You knew the following spells:

 Your Spells              Type           Power      Damage    Failure   Level
a - Slow                  Hex            44%        N/A       5%          1

Your spell library contained the following spells:

 Spells                   Type           Power      Damage    Failure   Level
 Inner Flame              Hex/Fire       6%         N/A       34%         3
 Portal Projectile        Hex/Tloc       12%        N/A       34%         3
 Cause Fear               Hex            5%         N/A       45%         4


Dungeon Overview and Level Annotations

Branches:
Dungeon (1/15) Zot: 458

Altars:


Innate Abilities, Weirdness & Mutations

You passively map a small area around you.
You are easily found by Zot.
You glow in the dark.
You regain HP and MP as you explore.


Message History

Press: ? - help, Q - select action, (/) - cycle Shift-Dir - straight line, f/p - endoplasm
Aim: an endoplasm (moderately wounded, 85% to hit)
You shoot a sling bullet. The sling bullet hits the endoplasm.
The endoplasm is almost dead.
Fire: a) +1 sling
Press: ? - help, Q - select action, (/) - cycle Shift-Dir - straight line, f/p - endoplasm
Aim: an endoplasm (almost dead, 85% to hit)
You shoot a sling bullet. The sling bullet hits the endoplasm.
You kill the endoplasm!
Found a blue potion.
d - a blue potion A giant cockroach comes into view.
Fire: a) +1 sling
Press: ? - help, Q - select action, (/) - cycle Shift-Dir - straight line, f - giant cockroach
Aim: a giant cockroach (57% to hit)
You shoot a sling bullet.
The sling bullet hits the giant cockroach but does no damage.
Fire: a) +1 sling
Press: ? - help, Q - select action, (/) - cycle Shift-Dir - straight line, f/p - giant cockroach
Aim: a giant cockroach (57% to hit)
You shoot a sling bullet.
The sling bullet hits the giant cockroach.
The giant cockroach is heavily wounded.
Fire: a) +1 sling
Press: ? - help, Q - select action, (/) - cycle Shift-Dir - straight line, f/p - giant cockroach
Aim: a giant cockroach (heavily wounded, 57% to hit)
You shoot a sling bullet.
The sling bullet hits the giant cockroach.
You kill the giant cockroach!
You see here a giant cockroach corpse.
A goblin comes into view. It is wielding a +0 club.
The goblin shouts!
Fire: a) +1 sling
Press: ? - help, Q - select action, (/) - cycle Shift-Dir - straight line, f - goblin
Aim: a goblin, wielding a +0 club (50% to hit)
You shoot a sling bullet. The sling bullet hits the goblin!
You kill the goblin!
Unknown command.
You see here a +0 club.
Are you sure you want to abandon this character and quit the game? (Confirm with "yes".)

##
########################
#.).....................
#.######################
#.#.....# #.#####@#
#.......# #.####### ###


There were no monsters in sight!

Vanquished Creatures
  An endoplasm (D:1)
  A giant cockroach (D:1)
  A goblin (D:1)
3 creatures vanquished.

Notes
Turn   | Place    | Note
-------+----------+-------------------------------------------
     0 | D:1      | monsoonserge the Meteoran Hexslinger began the quest for
                  | the Orb.
     0 | D:1      | Reached XP level 1. HP: 16/16 MP: 3/3
   139 | D:1      | Quit the game

Illustrated notes

Levels and vault maps discovered:
D:1:      mainiacjoe_arrival_reflecting_pool, layout_basic, serial_shops,
          nicolae_shop_just_a_little_nook

Action                     || total
---------------------------++-------
   Fire: Sling             ||     7
